 Dungeon Crawl Stone Soup version 0.21-a0-417-g0adc95b (webtiles) character file.

41 Stibbins the Firebug (level 3, -2/31 HPs)
             Began as an Ogre Fire Elementalist on Nov 3, 2017.
             Slain by a gnoll
             ... wielding a +0 flail
              (5 damage)
             ... on level 2 of the Dungeon.
             The game lasted 00:07:34 (1613 turns).

Stibbins the Firebug (Ogre Fire Elementalist)       Turns: 1613, Time: 00:07:35

Health: -2/31      AC:  4    Str: 12    XL:     3   Next: 52%
Magic:  3/7        EV: 10    Int: 17    God:
Gold:   92         SH:  0    Dex:  9    Spells: 7/8 levels left

rFire    . . .     SeeInvis .   l - +1 mace (crush)
rCold    . . .     Gourm    .   (no shield)
rNeg     . . .     Faith    .   a - +1 robe
rPois    .         Spirit   .   (helmet restricted)
rElec    .         Reflect  .   (no cloak)
rCorr    .         Harm     .   (gloves unavailable)
MR       .....                  (boots unavailable)
Stlth    +.........             (no amulet)
HPRegen  0.10/turn              (no ring)
MPRegen  0.10/turn              (no ring)

@: no status effects
A: unfitting armour, tough skin 1
a: no special abilities


You were on level 2 of the Dungeon.
You were not hungry.

You visited 1 branch of the dungeon, and saw 2 of its levels.

You collected 92 gold pieces.

Inventory:

Hand Weapons
 h - a +0 dagger of venom
 l - a +1 mace of crushing (weapon)
Missiles
 k - 5 exploding tomahawks (quivered)
Armour
 a - a +1 robe (worn)
Jewellery
 n - an uncursed ring of resist corrosion {unknown}
Scrolls
 j - a scroll of teleportation
Potions
 e - a potion of curing
 g - a potion of lignification {unknown}
 i - 2 potions of cancellation {unknown}
Books
 b - a book of Flames

   Spells                             Type                      Level
   a - Flame Tongue                   Conjuration/Fire             1
   b - Throw Flame                    Conjuration/Fire             2
   c - Conjure Flame                  Conjuration/Fire             3
   d - Inner Flame                    Hexes/Fire                   3
   e - Sticky Flame                   Conjuration/Fire             4
   f - Fireball                       Conjuration/Fire             5
Comestibles
 c - a bread ration
 f - a royal jelly


   Skills:
 - Level 1.8 Dodging
 + Level 1.4 Stealth
 + Level 3.1 Spellcasting
 + Level 1.0 Conjurations
 + Level 3.4 Fire Magic


You had 7 spell levels left.
You knew the following spells:

 Your Spells              Type           Power        Failure   Level  Hunger
a - Flame Tongue          Conj/Fire      ##...        7%          1    None


Dungeon Overview and Level Annotations

Branches:
Dungeon (2/15)

Altars:


Innate Abilities, Weirdness & Mutations

You are too large for most types of armour.
You have tough skin. (AC +1)


Message History

Press: ? - help, Shift-Dir - straight line, f/p - gnoll
Aim: a gnoll, wielding a club (severely wounded)
The flame tongue hits the gnoll.
The gnoll is almost dead.
The gnoll closely misses you. The gnoll barely misses you.
Casting: Flame Tongue
Confirm with . or Enter, or press ? or * to list all spells.
Aiming: Flame Tongue
Press: ? - help, Shift-Dir - straight line, f/p - gnoll
Aim: a gnoll, wielding a club (almost dead)
The flame tongue misses the gnoll.
The gnoll hits you with a club.
You thump the gnoll!
You kill the gnoll!
Your Conjurations skill increases to level 1!
The gnoll hits you with a flail!
* * * LOW HITPOINT WARNING * * *
The gnoll hits you with a flail.
* * * LOW HITPOINT WARNING * * *
The gnoll hits you with a flail.
You die...

...<(###....##...............####
.[..(....#....#...##....####...##
..............###.#####....###.##
............#..(.........#.###..#
#######..##.#.###..#####.........
#..........###...######(#...†
###.#..............####......
#....##....####.....(.((...
##.#.##.##@......#####.....
#......gg..####.....#....#
####....##..# ##..........
###...##.#######.#.....
#.#.##...## ##...##..
#%#.####..###.....##. #.....)..#
###.#.......... #........#
#.......(##....
.........................##


You could see 2 gnolls.

Vanquished Creatures
  A gnoll (D:2)
  2 dart slugs
  3 giant cockroaches
  3 goblins
  4 hobgoblins (D:1)
  2 jackals (D:1)
  2 kobolds (D:1)
  4 bats
  2 frilled lizards
  4 rats (D:1)
27 creatures vanquished.

Notes
Turn   | Place    | Note
-------+----------+-------------------------------------------
     0 | D:1      | Stibbins the Ogre Fire Elementalist began the quest for the Orb.
     0 | D:1      | Reached XP level 1. HP: 16/16 MP: 3/3
   166 | D:1      | Reached XP level 2. HP: 24/24 MP: 0/5
   956 | D:1      | Reached XP level 3. HP: 29/31 MP: 0/7
  1605 | D:2      | Reached skill level 1 in Conjurations
  1613 | D:2      | Slain by a gnoll

Vault maps used:
D:1:      dpeg_arrival_boxorama, serial_corexii_hall,
          corexii_hall_statues_deadend, corexii_hall_statues_i

Skill      XL: |  1  2  3 |
---------------+----------+-----
Fire Magic     | 3 |  3.4
Spellcasting   | 3 |  3.1
Conjurations   | 1 |  1.0
Dodging        | |  1.8
Stealth        | |  1.4

Action                   || total
-------------------------++-------
Melee: Unarmed           ||    12
       Mace              ||    34
 Cast: Flame Tongue      ||    51
  Use: Scroll            ||     4
  Eat: Bread ration      ||     1
       Chunk             ||     1
Armor: Robe              ||    22
Dodge: Dodged            ||    53

Table legend:
 A = Spawn XP
 B = Non-spawn XP
 C = Spawn XP percentage of total XP
 D = Spawn monster count
 E = Non-spawn monster count
 F = Spawn count percentage of total count
 G = Total turns spent on level
                    A         B        C        D         E        F      G
               +---------+---------+-------+---------+---------+-------+---------
         Total |       0 |      59 |   0.0 |       0 |      27 |   0.0 |  1613
               +---------+---------+-------+---------+---------+-------+---------
           D:1 |       0 |      35 |   0.0 |       0 |      21 |   0.0 |  1366
           D:2 |       0 |      24 |   0.0 |       0 |       6 |   0.0 |   247
               +---------+---------+-------+---------+---------+-------+---------
